Map: Backwater LE

Players

Neeb

  • Race: Protoss Protoss
  • Spawn Location: 5:00

CatZ - Winner!

  • Race: Zerg Zerg
  • League: Grandmaster
  • Spawn Location: 11:00

VOD

Have the link to the VOD?

Description

Time

  • Played on: Feb. 3, 2018, 2:13 p.m.
  • Length: 5:27
Show
View Real Time Build Order
Export as new Build Order

Neeb Protoss 

Build Orders:  

Get SALT Encoding   

  12  0:00  Probe  
  13  0:13  Probe  
  14  0:20  Pylon  
  14  0:25  Probe  
  15  0:29  Assimilator  
  15  0:38  Probe (Chrono Boost)  
  16  0:45  Gateway  
  16  0:48  Probe (Chrono Boost)  
  17  0:54  Probe  
  18  1:06  Probe  
  19  1:18  Probe  
  20  1:26  Gateway  
  20  1:30  Zealot (Chrono Boost)  
  20  1:31  Pylon  
  22  1:33  Cybernetics Core  
  22  1:38  Probe  
  23  1:42  Pylon  
  23  1:49  Zealot (Chrono Boost)  
  25  2:14  Adept (Chrono Boost)  
  26  2:17  Shield Battery  
  26  2:18  Adept (Chrono Boost)  
  26  2:19  Shield Battery  
  26  2:29  Pylon  
  26  2:35  Adept  
  28  2:52  Pylon  
  28  3:06  Shield Battery, Stalker (Chrono Boost)  
  28  3:11  Stalker (Chrono Boost)  
  30  3:21  Shield Battery  
  30  3:25  Shield Battery  
  28  3:30  Stalker  
  27  3:40  Probe  
  25  3:48  Stalker  
  26  4:03  Shield Battery  
  26  4:12  Stalker  
  21  4:26  Stalker  
Show
View Real Time Build Order
Export as new Build Order

CatZ Zerg - Winner!

Build Orders: Pool First 

Get SALT Encoding   

  12  0:17  Spawning Pool  
  11  0:21  Drone  
  11  0:27  Drone  
  13  0:31  Drone  
  14  0:40  Overlord  
  14  1:05  Zergling x4  
  14  1:06  Zergling x2  
  17  1:20  Hatchery  
  17  1:21  Zergling x2  
  17  1:27  Extractor  
  17  1:28  Zergling x2  
  17  1:38  Drone  
  18  1:51  Drone, Roach Warren  
  18  2:08  Overlord  
  17  2:32  Queen  
  17  2:34  Drone  
  17  2:36  Burrow  
  18  2:55  Roach x2  
  18  2:58  Roach  
  22  3:03  Drone  
  23  3:13  Roach  
  25  3:26  Roach  
  27  3:30  Roach  
  29  3:39  Roach  
  29  3:40  Roach  
  31  3:44  Roach x3  
  31  3:53  Overlord  
  31  3:54  Roach x4  
  31  3:55  Roach  
  33  4:05  Roach  
  33  4:08  Roach  
  35  4:14  Roach x5  
  35  4:30  Roach x3  
  37  4:35  Roach x4  
  37  4:37  Roach  
  39  4:43  Roach x2  
  39  4:46  Overlord x2  
  39  4:53  Roach x4  
Tags
 
Matchup
PvZ
Opening
Pool First
Player
CatZNeeb
Spawn Locations
Cross Positions
Add a new tag
Caveats
  • Supply blocks, unpowered buildings, or Contaminate may cause inaccurate times.
  • Supply counts are checked every 10 seconds.